AoeStats
← iaklimunda

Arabia

507596703Analyzed
1v1 RM · 12d ago on Sep 18, 2026· 46m 40s· 2 players
Game mode
Random Map
Map size
Tiny (2 player)
Population
200
Speed
Normal
Resources
Standard
Victory
Conquest
Starting age
Dark Age
Ending age
Imperial Age
RankedLock teamsTeams togetherTeam positionsShared explorationLock speedFull tech treeHidden civsTurbo modeCheats
Victory
Defeat
🇦🇷 Georgians · Argentina
1162
+17
🇦🇷 Malians · Argentina
1185
-17
Mini Kratos
5:45 Loom
6:21 Loom
8:28 Feudal Age
9:07 Double-Bit Axe
11:20 Town Watch
18:48 Wheelbarrow
18:00 Horse Collar
22:08 Castle Age
20:48 Scale Barding Armor
20:54 Forging
22:44 Bloodlines
22:55 Husbandry
23:59 Iron Casting
33:41 Fletching
33:28 Pikeman
34:09 Squires
33:55 Gambesons
34:51 Scale Mail Armor
35:13 Chain Barding Armor
38:26 Imperial Age
36:33 Chain Mail Armor
39:25 Bow Saw
39:21 Town Patrol
38:54 Halberdier
39:00 Halberdier
41:24 Hand Cart
iaklimunda
6:47 Loom
9:16 Feudal Age
9:36 Man-at-Arms
10:58 Double-Bit Axe
22:12 Castle Age
20:37 Fletching
20:51 Gold Mining
21:40 Forging
22:59 Husbandry
23:10 Bloodlines
24:25 Iron Casting
23:51 Horse Collar
31:47 Heavy Plow
33:52 Wheelbarrow
34:31 Stone Mining
35:33 Gold Shaft Mining
38:07 Hand Cart
41:28 Imperial Age
40:47 Masonry
40:57 Hand Cart
41:17 Scale Barding Armor
41:12 Scale Mail Armor
41:09 Bodkin Arrow
41:50 Town Watch
43:13 Stone Shaft Mining
45:28 Chemistry
45:59 Guard Tower
Connection lost

Rejoining the realm…

Still unreachable

The connection could not be restored.

Session expired

The server has moved on; the page needs a fresh start.